 Dungeon Crawl Stone Soup version 0.29.1-2-gbd0b4ee654 (webtiles) character file.

Game seed: 15591205467738700982

12903 bullfish the Cleaver (level 11, 0/99 HPs)
             Began as a Minotaur Berserker on Nov 15, 2022.
             Was an Elder of Trog.
             Slain by Sonja
             ... wielding a +2 dagger of venom
              (2 damage)
             ... on level 1 of the Orcish Mines.
             The game lasted 01:01:11 (12300 turns).

bullfish the Cleaver (Minotaur Berserker)          Turns: 12300, Time: 01:01:11

Health: 0/99       AC: 23    Str: 26    XL:     11   Next: 68%
Magic:  10/10      EV:  7    Int:  4    God:    Trog [****..]
Gold:   605        SH: 15    Dex: 10    Spells: 10/10 levels left

rFire   . . .      SeeInvis .   U - +2 war axe (venom)
rCold   . . .      Faith    .   V - +0 tower shield
rNeg    . . .      Spirit   .   K - +1 plate armour
rPois   .          Reflect  .   P - +1 hat
rElec   .          Harm     .   s - +0 cloak
rCorr   .          Rampage  .   c - +0 pair of gloves
Will    .....                   (no boots)
Stlth   ..........              w - amulet of the acrobat
HPRegen 0.26/turn               r - +4 ring of protection
MPRegen 0.12/turn               (no ring)

@: lethally poisoned (0 -> -48), on berserk cooldown, slowed, invisible
(expiring), very slow
A: horns 2, retaliatory headbutt
a: Renounce Religion, Berserk, Trog's Hand, Brothers in Arms


You were on level 1 of the Orcish Mines.
You worshipped Trog.
Trog was greatly pleased with you.
You visited 2 branches of the dungeon, and saw 12 of its levels.
You also visited: Sewer.

You collected 971 gold pieces.
You spent 366 gold pieces at shops.

Inventory:

Hand Weapons
 E - the +2 dagger of Puekes {vorpal, rPois Str+2}
   (You found it on level 3 of the Dungeon)

   It inflicts extra damage upon your enemies.
   Str:       It affects your strength (+2).
   rPois:     It protects you from poison.
 H - a +1 whip of flaming
 O - a +1 vampiric morningstar
 R - a +1 war axe of freezing
 T - a +3 mace
 U - a +2 war axe of venom (weapon)
Missiles
 d - 67 stones (quivered)
 v - 2 javelins
 y - 5 poisoned darts
 W - 2 silver javelins
 Y - 3 throwing nets
Armour
 c - a +0 pair of gloves (worn)
 e - a scarf of repulsion
 f - a scarf of shadows
 i - a +2 chain mail of cold resistance
 s - a +0 cloak (worn)
 K - a +1 plate armour (worn)
 N - the +4 robe "Vykoz" {Slay+2 Stlth+}
   (You found it on level 5 of the Dungeon)

   Slay:      It affects your accuracy & damage with ranged weapons and melee
   (+2).
   Stlth:     It makes you more stealthy.
 P - a +1 hat (worn)
 V - a +0 tower shield (worn)
Jewellery
 r - a +4 ring of protection (left hand)
 w - an amulet of the acrobat (around neck)
Wands
 b - a wand of polymorph (4)
 I - a wand of roots (4)
 J - a wand of light (18)
 Z - a wand of flame (11)
Scrolls
 a - a scroll of magic mapping {unknown}
 h - 2 scrolls of poison
 j - a scroll of brand weapon
 m - 6 scrolls of enchant armour
 B - a scroll of noise {unknown}
 C - a scroll of torment {unknown}
 F - 7 scrolls of teleportation
 G - a scroll of fog {unknown}
 L - 3 scrolls of vulnerability
 M - 2 scrolls of fear {unknown}
 Q - a scroll of enchant weapon {unknown}
 X - 3 scrolls of blinking {unknown}
Potions
 g - 3 potions of berserk rage
 k - 2 potions of flight
 l - 7 potions of curing
 n - a potion of resistance {unknown}
 o - 2 potions of degeneration {unknown}
 p - a potion of might {unknown}
 q - 2 potions of ambrosia {unknown}
 t - 2 potions of heal wounds
 u - a potion of invisibility
 x - 3 potions of lignification
 z - 2 potions of magic
 A - a potion of mutation {unknown}
 D - 9 potions of cancellation
 S - 2 potions of attraction


   Skills:
 - Level 10.1 Fighting
 + Level 11.9 Axes
 - Level 10.6 Armour
 + Level 8.6 Dodging
 - Level 10.5 Shields


You had 10 spell levels left.
You didn't know any spells.
Your spell library was empty.

Dungeon Overview and Level Annotations

Branches:
Dungeon (11/15)            Temple (0/1) D:4            Lair (0/5) D:10
    Orc (1/2) D:10          Sewer (visited)

Altars:
Gozag
Kikubaaqudgha
Vehumet
Xom
Yredelemnul

Shops:
D:3 [   D:4 [   D:6 *(*   D:7 !   D:10 *   Orc:1 =

Annotations:
D:9 4 transporters
Orc:1 Sonja


Innate Abilities, Weirdness & Mutations

You have a pair of horns on your head.
You reflexively headbutt those who attack you in melee.


Message History

You block Sonja's attack.
Sonja mumbles some strange words.
Sonja blinks!
You feel sick.
You feel sick.
Sonja is nearby!
You catch the helpless Sonja completely off-guard!
You slice Sonja!!
Sonja is almost dead.
You flicker for a moment.
You feel sick. Sonja completely misses you. Sonja barely misses you.
You block Sonja's attack. Sonja closely misses you.
Sonja hits you but does no damage.
You are more poisoned.
Sonja barely misses you. Sonja hits you but does no damage.
You are more poisoned.
You block Sonja's attack.
Sonja hits you with a +2 dagger of venom.
* * * LOW HITPOINT WARNING * * *
You are more poisoned.
Your ogre goes berserk!
Trog will no longer gift you weapons.
* * * LOW HITPOINT WARNING * * *
You feel extremely sick. Sonja hits you but does no damage.
You are lethally poisoned!
You block Sonja's attack. Sonja hits you but does no damage.
You are more poisoned.
You block Sonja's attack. Sonja hits you but does no damage. x2
You are more poisoned.
You completely miss Sonja.
Sonja is almost dead.
* * * LOW HITPOINT WARNING * * *
You feel extremely sick. You block Sonja's attack. Sonja closely misses you.
Sonja barely misses you. Sonja hits you but does no damage.
You are more poisoned.
Sonja barely misses you.
Sonja hits you with a +2 dagger of venom.
You die...

###............###.##
##......#......######
##..............##.## ##.
.#.#.........#.......#
#..................#....##
#....#.##.#.............#
#....##..........#.....##
##...#..........####..##
#.......##.§#@O.## ##.###
#.......###.##K..#
#....###
##...8[>.∩.8....##
##.....##
#.$....###...#.## ###....#
#..$..).#.#K#### ###.##
##...........# ###
#.........#.##
##.......#### ##.#.....


You could see Sonja (unable to see you, ally target) and a friendly ogre
(summoned, berserk).

Vanquished Creatures
  Gastronok (D:10)
  Harold (D:9)
  A two-headed ogre (D:9)
  The ghost of hilljack the Martial Artist, a novice HuTm of Okawaru (D:8)
  Nergalle (Orc:1)
  Pikel (D:7)
  An orc knight (D:10)
  Maurice (D:9)
  3 trolls
  4 wyverns
  A basilisk (D:10)
  A steam dragon (D:3)
  Menkaure (D:4)
  A warg (D:10)
  4 water moccasins
  2 ice beasts
  Pargi (Sewer)
  3 sky beasts
  A black bear (D:10)
  7 orc warriors
  2 ogres
  4 wolves (D:10)
  4 centaurs
  2 phantoms
  A lemure (D:7)
  2 bullfrogs
  A gnoll sergeant (D:8)
  A necrophage (D:6)
  A scorpion (D:6)
  10 wights
  5 killer bees (D:8)
  A howler monkey (D:8)
  2 jellies
  12 orc priests
  Crazy Yiuf (D:2)
  5 hounds
  4 iguanas
  8 orc wizards
  Robin (D:2)
  10 gnolls
  7 adders
  8 river rats (D:5)
  3 shadow imps (D:6)
  2 white imps
  An ufetubus (D:2)
  2 worms
  2 dart slugs
  37 orcs
  6 ball pythons
  5 bats
  12 endoplasms
  6 giant cockroaches
  14 goblins
  10 hobgoblins
  9 quokkas
  5 frilled lizards
  7 kobolds
  16 rats
  2 butterflies (D:4)
268 creatures vanquished.

Vanquished Creatures (collateral kills)
  The ghost of Algorand the Fighter, a novice DsFi (D:8)
  The ghost of leafyfresh the Destroyer, a novice TeAE of Vehumet (D:8)
  A troll (D:10)
  A vampire (D:10)
  A gnoll (D:5)
  3 quokkas (D:5)
  4 rats (D:5)
12 creatures vanquished.

Vanquished Creatures (others)
  A fungus (D:10)
  16 plants (D:10)
17 creatures vanquished.

Grand Total: 297 creatures vanquished

Notes
Turn   | Place    | Note
-------+----------+-------------------------------------------
     0 | D:1      | bullfish the Minotaur Berserker began the quest for the
                  | Orb.
     0 | D:1      | Reached XP level 1. HP: 19/19 MP: 0/0
   214 | D:1      | Reached skill level 4 in Axes
   273 | D:1      | Reached XP level 2. HP: 25/26 MP: 1/1
   423 | D:1      | Found a faded altar of an unknown god.
   883 | D:1      | Reached skill level 5 in Axes
   897 | D:1      | Reached ** piety under Trog
  1109 | D:2      | Noticed Robin
  1116 | D:2      | Reached XP level 3. HP: 30/31 MP: 2/2
  1395 | D:2      | Killed Robin
  1671 | D:2      | Reached XP level 4. HP: 39/39 MP: 3/3
  1686 | D:2      | Reached skill level 6 in Axes
  1868 | D:2      | Found a runed translucent door.
  1869 | D:2      | Noticed Crazy Yiuf
  1874 | D:2      | Killed Crazy Yiuf
  2193 | D:3      | Found Yxtoci's Antique Armour Shop.
  2255 | D:4      | Found a staircase to the Ecumenical Temple.
  2274 | D:4      | Reached XP level 5. HP: 45/45 MP: 4/4
  2292 | D:4      | Reached skill level 7 in Axes
  2534 | D:4      | Noticed a phantom
  2545 | D:4      | Killed a phantom
  2588 | D:4      | Reached skill level 8 in Axes
  2642 | D:4      | Found Ugaoprel's Antique Armour Emporium.
  2678 | D:4      | Reached XP level 6. HP: 51/51 MP: 5/5
  2919 | D:4      | Noticed Menkaure
  2929 | D:4      | Killed Menkaure
  2930 | D:4      | Reached skill level 9 in Axes
  3092 | D:3      | Reached *** piety under Trog
  3239 | D:3      | Found a shimmering altar of Xom.
  3239 | D:3      | Noticed a steam dragon
  3266 | D:3      | Killed a steam dragon
  3267 | D:3      | Reached XP level 7. HP: 29/57 MP: 6/6
  3323 | D:3      | Reached skill level 10 in Axes
  3543 | D:3      | Identified the +2 dagger of Puekes {vorpal, rPois Str+2}
  3724 | D:5      | Entered Level 5 of the Dungeon
  3969 | D:5      | Reached skill level 5 in Fighting
  4038 | D:5      | Found a glowing drain.
  4058 | Sewer    | Entered a sewer
  4083 | Sewer    | Noticed Pargi
  4098 | Sewer    | Killed Pargi
  4522 | D:5      | Identified the +4 robe "Vykoz" {Slay+2 Stlth+}
  4549 | D:5      | Reached XP level 8. HP: 64/71 MP: 7/7
  4865 | D:5      | Found a radiant altar of Vehumet.
  4867 | D:5      | Found a basalt altar of Yredelemnul.
  5521 | D:5      | Reached **** piety under Trog
  6166 | D:6      | Found Nuc Meqa's Assorted Antiques.
  6171 | D:6      | Bought a runed war axe for 156 gold pieces
  6270 | D:6      | Found Egywis's Weapon Emporium.
  6291 | D:6      | Found Zahagim's General Store.
  6299 | D:6      | Bought a scroll of identify for 28 gold pieces
  6299 | D:6      | Bought a scroll of identify for 28 gold pieces
  6299 | D:6      | Bought a scroll of identify for 28 gold pieces
  6614 | D:6      | Reached skill level 10 in Fighting
  6855 | D:7      | Found Etoitig's Distillery.
  6977 | D:7      | Noticed Pikel
  6984 | D:7      | Killed Pikel
  6985 | D:7      | Reached XP level 9. HP: 85/85 MP: 8/8
  7158 | D:7      | Found an opulent altar of Gozag.
  7597 | D:8      | Noticed a tengu warrior
  7597 | D:8      | Noticed a death knight
  7597 | D:8      | Noticed a five-headed hydra
  7597 | D:8      | Noticed a white ugly thing
  7597 | D:8      | Noticed a boulder beetle
  7598 | D:8      | Noticed a cyclops
  7598 | D:8      | Noticed a deep elf pyromancer
  7611 | D:8      | Noticed a centaur warrior
  7611 | D:8      | Noticed a seven-headed hydra
  7733 | D:8      | Noticed a troll
  7773 | D:8      | Reached skill level 10 in Armour
  8254 | D:4      | Bought a tower shield for 126 gold pieces
  8590 | D:8      | Reached skill level 1 in Shields
  8686 | D:8      | Reached ***** piety under Trog
  8904 | D:8      | Found a runed translucent gate.
  8907 | D:8      | Found a runed translucent gate.
  8907 | D:8      | Found a runed translucent gate.
  8915 | D:8      | Noticed Algorand's ghost (novice DsFi)
  8915 | D:8      | Noticed hilljack's ghost (novice HuTm)
  8915 | D:8      | Noticed leafyfresh's ghost (novice TeAE)
  9157 | D:8      | Killed Algorand's ghost
  9158 | D:8      | Reached XP level 10. HP: 93/93 MP: 9/9
  9166 | D:8      | Killed hilljack's ghost
  9188 | D:8      | Killed leafyfresh's ghost
  9548 | D:9      | Noticed Harold
  9556 | D:9      | Killed Harold
  9619 | D:9      | Found a transporter.
  9645 | D:9      | Found a transporter.
  9700 | D:9      | Found a transporter.
  9721 | D:9      | Found a transporter.
 10020 | D:9      | Noticed a two-headed ogre
 10025 | D:9      | Killed a two-headed ogre
 10026 | D:9      | Reached skill level 10 in Shields
 10107 | D:9      | Noticed Maurice
 10117 | D:9      | Killed Maurice
 10385 | D:10     | Entered Level 10 of the Dungeon
 10428 | D:10     | Found an ancient bone altar of Kikubaaqudgha.
 10429 | D:10     | Found Neuxei's Assorted Antiques.
 10438 | D:10     | 700 plate armor on d:10 shop
 10575 | D:10     | Reached XP level 11. HP: 97/99 MP: 10/10
 10621 | D:10     | Reached skill level 5 in Dodging
 10738 | D:10     | Found a staircase to the Lair.
 10797 | D:10     | Noticed Gastronok
 10848 | D:10     | Killed Gastronok
 11059 | D:10     | Found a staircase to the Orcish Mines.
 11167 | D:10     | Reached skill level 11 in Axes
 11372 | Orc:1    | Entered Level 1 of the Orcish Mines
 11373 | Orc:1    | Noticed an orc knight
 11431 | D:10     | Killed an orc knight
 11868 | Orc:1    | Noticed Nergalle
 11942 | Orc:1    | Killed Nergalle
 12265 | Orc:1    | Found Ifofiasm's Jewellery Shop.
 12272 | Orc:1    | Noticed Sonja
 12300 | Orc:1    | HP: 2/99 [poisoned by Sonja]
 12300 | Orc:1    | Slain by Sonja

Illustrated notes

###### .....#
####### # .....#
###.$...# .+ ..<..#
.......# .# .....#
#.....# .# .....#
#.....##.# .....+
#........# .....#
#....@# .....#
#.!...# .....#
#.....# .....#
###.### #'####
####...### ..#
###........# .####
#...⌠...~..# ....#
#.#...~≈~~..#
....###.##..~≈≈~~.#


Turn 10438 on D:10: 700 plate armor on d:10 shop

Levels and vault maps discovered:
D:1:      roderic_chinese_lattice_arrival, layout_loops_corners,
          ebering_ecumenical_altar_box, nicolae_figureground_sparkle
D:2:      layout_basic, minmay_misc_feat_columns, uniq_robin,
          uniq_crazy_yiuf_cottage
D:3:      layout_basic, mainiacjoe_overflow_alcove_4, serial_shops,
          nicolae_shop_statue_plus, minmay_quadrilaterals
D:4:      layout_basic, minmay_temple_entry_butterflies,
          kennysheep_small_circle, uniq_menkaure
D:5:      lemuel_ratsnest, layout_basic, nicolae_overflow_hidden_temple,
          portal_sewer_entry_f, hangedman_abyss_or_decor_jellyfish_corner
D:6:      layout_basic, serial_shops, shop_fountains, nicolae_shop_statue_plus,
          shop
D:7:      layout_basic, mainiacjoe_overflow_surrounded_room, serial_shops, shop,
          uniq_pikel
D:8:      layout_cave_pods, gammafunk_ghost_cemetery, minivault_12
D:9:      layout_rooms, nicolae_hexahallways, kennysheep_nub,
          nicolae_transporter_intersection, uniq_maurice, uniq_harold
D:10:     layout_roguey, kiku_gazebo_pond_becter, minmay_lair_entry_grove,
          orc_david_3, serial_shops, shop, uniq_gastronok
D:11:     layout_stronghold, minivault_8
Orc:1:    layout_caves, serial_shops, shop_statue, uniq_sonja, uniq_nergalle

Skill      XL: |  1  2  3  4  5  6  7  8  9 10 11 |
---------------+----------------------------------+-----
Axes           | 4 5 6 8 9 10 11 | 11.9
Fighting       | 6 10 | 10.1
Armour         | 6 10 | 10.6
Shields        | 4 10 | 10.5
Dodging        | 4 8 |  8.6

Action                   |  1- 3 |  4- 6 |  7- 9 | 10-12 || total
-------------------------+-------+-------+-------+-------++-------
Melee: Hand axe          |    62 |   110 |   169 |       ||   341
       Headbutt          |     9 |    21 |    44 |    32 ||   106
       Punch             |       |       |     3 |       ||     3
       War axe           |       |       |   130 |   247 ||   377
Throw: Stone             |       |       |    21 |     7 ||    28
Invok: Berserk           |       |     3 |     6 |     9 ||    18
       Brothers in Arms  |       |       |     2 |     3 ||     5
       Trog's Hand       |       |       |       |     1 ||     1
Evoke: Wand              |       |       |       |     1 ||     1
  Use: Scroll            |       |     1 |    11 |     4 ||    16
       Potion            |       |       |       |     3 ||     3
 Stab: Invisible         |       |       |       |     1 ||     1
Armor: Animal skin       |     3 |       |       |       ||     3
       Ring mail         |    22 |    28 |     1 |       ||    51
       Plate armour      |       |       |   145 |   141 ||   286
       Chain mail        |       |       |     5 |       ||     5
Dodge: Dodged            |    58 |    49 |   122 |    84 ||   313
Block: Tower shield      |       |       |    20 |   225 ||   245
